 Dungeon Crawl Stone Soup version 0.17-a0-910-ga669010 (webtiles) character file.

41358 Pnognoglozu the Corrupter of Planes (level 13, -6/104 HPs)
             Began as a Demonspawn Abyssal Knight on May 2, 2015.
             Was the Champion of Lugonu.
             Mangled by a catoblepas (33 damage)
             ... on level 7 of the Lair of Beasts on May 3, 2015.
             The game lasted 01:45:03 (19961 turns).

Pnognoglozu the Corrupter of Planes (DsAK)         Turns: 19961, Time: 01:45:03

Health: -6/104     AC: 14    Str: 13    XL:     13   Next: 79%
Magic:  21/23      EV: 20    Int: 15    God:    Lugonu [******]
Gold:   884        SH:  0    Dex: 19    Spells: 3 memorised, 12 levels left

rFire  . . .     SeeInvis .     R - +4 scimitar (flame)
rCold  . . .     Clarity  .     N - +2 robe
rNeg   . . .     SustAb   .     (no shield)
rPois  .         Gourm    .     p - +0 helmet
rElec  .         Spirit   .     b - +2 cloak
rCorr  .         Warding  .     f - +2 pair of gloves {Dex+3}
rMut   .         Stasis   .     (boots unavailable)
MR     .....                    M - amulet of regeneration
Stlth  ++........               P - ring of wizardry
                                w - ring of invisibility

@: swift, very quick, not resistant to hostile enchantments, unstealthy
A: talons 3, icy blue scales 1, breathe flames 2, powered by death 2, shaggy fur
1, spiny 1
a: Depart the Abyss, Bend Space, Banish, Corrupt, Enter the Abyss, Renounce
Religion, Breathe Fire, Evoke Invisibility


You were on level 7 of the Lair of Beasts.
You worshipped Lugonu.
Lugonu was exalted by your worship.
You were not hungry.

You visited 2 branches of the dungeon, and saw 17 of its levels.
You visited the Abyss 1 time.

You collected 1019 gold pieces.
You spent 135 gold pieces at shops.

Inventory:

Hand weapons
 R - a +4 scimitar of flaming (weapon)
Armour
 b - a +2 cloak (worn)
 f - a +2 pair of gloves of dexterity (worn)
 p - a +0 helmet (worn)
 N - a +2 robe (worn)
Jewellery
 m - an uncursed ring of protection from fire
 u - an uncursed ring of positive energy {unknown}
 w - a ring of invisibility (left hand)
 D - a cursed ring of teleportation {unknown}
 F - an uncursed amulet of clarity
 M - an amulet of regeneration (around neck)
 P - a ring of wizardry (right hand)
 T - an uncursed amulet of resist corrosion
 W - an uncursed ring of flight
Magical devices
 l - a wand of fire (0)
 z - a wand of enslavement (6)
 E - a wand of slowing (48)
 H - a wand of draining (5)
 O - a wand of fireball (3)
Scrolls
 a - 2 scrolls of teleportation
 d - a scroll of fear
 e - 3 scrolls of recharging
 g - 3 scrolls of magic mapping {unknown}
 h - a scroll of fog {unknown}
 i - 4 scrolls of identify
 j - a scroll of vulnerability {unknown}
 s - 4 scrolls of amnesia {unknown}
 t - 2 scrolls of torment {unknown}
 v - 4 scrolls of remove curse
 x - a scroll of blinking {unknown}
 y - a scroll of noise {unknown}
 J - a scroll of enchant armour {unknown}
Potions
 k - 2 potions of agility
 o - a potion of mutation {unknown}
 q - a potion of cancellation
 r - 12 potions of curing
 B - 2 potions of invisibility {unknown}
 I - 2 potions of heal wounds
Books
 C - a Grand Grimoire {highlevel, unknown}

   This book is beyond your current level of understanding.

   Spells                             Type                      Level
   a - Aura of Abjuration             Summoning                    6
   b - Summon Greater Demon           Summoning                    7
   c - Malign Gateway                 Summoning/Translocation      7
   d - Summon Horrible Things         Summoning                    8
 G - a book of the Warp

   Spells                             Type                      Level
   a - Recall                         Summoning/Translocation      3
   b - Gell's Gravitas                Hexes/Translocation          3
   c - Control Teleport               Charms/Translocation         4
   d - Force Lance                    Conjuration/Translocation    4
   e - Phase Shift                    Translocation                5
   f - Warp Weapon                    Charms/Translocation         5
   g - Summon Forest                  Summoning/Translocation      5
Comestibles
 c - 11 bread rations
 n - 2 meat rations


   Skills:
 + Level 10.6 Fighting
 * Level 11.3 Long Blades
 + Level 6.1 Armour
 + Level 9.8 Dodging
 - Level 4.0 Spellcasting
 - Level 2.0 Charms
 - Level 5.0 Necromancy
 + Level 13.4 Invocations
 + Level 5.4 Evocations


You had 12 spell levels left.
You knew the following spells:

 Your Spells              Type           Power        Failure   Level  Hunger
a - Corpse Rot            Necr           N/A          1%          2    ##.....
b - Swiftness             Chrm/Air       #.......     7%          2    ##.....
c - Animate Dead          Necr           N/A          10%         4    ####...


Dungeon Overview and Level Annotations

Branches:
Dungeon (9/15)             Temple (0/1) D:5            Lair (8/8) D:9
  Swamp (0/4) Lair:3       Spider (0/4) Lair:3        Slime (0/6) Lair:7
    Orc: D:9-12

Altars:
Cheibriados
Elyvilon
Fedhas
Gozag
Makhleb
Ru
Sif Muna
Vehumet
Xom

Shops:
D:7 [   D:9 =

Annotations:
Abyss:1 Gastronok, Grum, Joseph


Innate Abilities, Weirdness & Mutations

You have claws for feet.
You are partially covered in icy blue scales (AC +1).
You can steal the life force of defeated enemies.
You are partially covered in sharp spines.
You can breathe fire.
You are covered in fur (AC +1).


Message History

Casting: Swiftness
Confirm with . or Enter, or press ? or * to list all spells.
Okay, then.
The catoblepas breathes a plume of calcifying dust at you.
The blast of calcifying dust hits you!
* * * LOW HITPOINT WARNING * * *
Casting: Swiftness
Confirm with . or Enter, or press ? or * to list all spells.
Okay, then.
Use which ability? (? or * to list)
Okay, then.
Read which item? (? for menu, Esc to quit)
Okay, then.
Drink which item? (? for menu, Esc to quit)
Okay, then.
Casting: Swiftness
Confirm with . or Enter, or press ? or * to list all spells.
You feel quick. The catoblepas gores you!!
You die...

.......######.....###....##......
#..#..## #...........>.........
###.### ##.P.....##.....#.....
### #P....##.#.....##....
#PPP..##..#..#.##....
##PP..###...#...#....
####...####..####....
##.##..............<..
##....@................
#.....Y.........>......
###..........#.........
#§§§§§§§..............
#....P.##....#........
#....P###.............
##...P###....P.......# #
#......#.............# ##
##......P.............#


You could see a catoblepas.

Vanquished Creatures
  3 hydras
  A catoblepas (Lair:8)
  Erica (Lair:1)
  7 death yaks
  An orb spider (Lair:3)
  2 griffons
  4 elephants (Lair:7)
  A torpor snail (Lair:8)
  4 fire drakes
  7 komodo dragons
  10 spiny frogs
  3 black mambas
  A giant leech (Lair:3)
  2 wyverns
  A hungry ghost (D:9)
  25 blink frogs
  3 basilisks
  4 vampire mosquitoes (D:9)
  A deep elf fighter (D:9)
  6 hippogriffs
  23 yaks
  The ghost of Charly the Covert, an average OpAs of Dithmenos (D:5)
  7 wolves
  2 swamp worms (Lair:3)
  7 porcupines
  14 water moccasins
  3 phantoms
  3 ogres
  3 ice beasts
  2 sky beasts
  A boring beetle (Lair:7)
  3 centaurs
  An eye of draining (D:9)
  16 crocodiles
  2 big kobolds (D:8)
  A brain worm (Lair:5)
  17 giant frogs
  A water moccasin skeleton (D:8)
  3 scorpions
  2 electric eels
  3 wights (D:8)
  A giant frog zombie (D:8)
  2 hounds
  A centaur zombie (D:9)
  3 crimson imps
  5 orc wizards
  A centaur skeleton (D:7)
  4 orc priests
  14 jellies
  3 worker ants
  10 iguanas
  11 sheep
  A hound skeleton (D:4)
  A worker ant zombie (D:8)
  8 adders
  68 river rats
  2 oozes (Lair:7)
  A worm (D:2)
  16 orcs
  6 bat skeletons
  10 giant cockroaches
  11 goblins
  12 hobgoblins
  17 jackals
  6 quokkas
  26 bats
  7 giant geckos
  2 giant gecko skeletons (D:4)
  A giant gecko zombie (D:9)
  4 giant newts
  A jackal skeleton (D:8)
  33 kobolds
  22 rats
  A ballistomycete (D:7)
  A plant (Lair:2)
514 creatures vanquished.

Vanquished Creatures (collateral kills)
  A death yak (Lair:8)
  2 elephants (Lair:7)
  2 spiny frogs
  A blink frog (Lair:6)
  3 yaks (Lair:8)
  A water moccasin (Lair:8)
  A boring beetle (Lair:8)
  2 crocodiles (Lair:7)
  An electric eel (Lair:8)
  5 river rats (Lair:8)
19 creatures vanquished.

Vanquished Creatures (others)
  A hydra (Lair:5)
  A lindwurm (Lair:7)
  2 spiny frogs
  A basilisk (Lair:8)
  2 wolves (D:9)
  A quokka (D:7)
  A giant spore (D:7)
9 creatures vanquished.

Grand Total: 542 creatures vanquished

Notes
Turn   | Place    | Note
--------------------------------------------------------------
     0 | Abyss:1  | Pnognoglozu, the Demonspawn Abyssal Knight, began the quest for the Orb.
     0 | Abyss:1  | Reached XP level 1. HP: 18/18 MP: 2/2
    51 | Abyss:1  | Found an iron altar of Okawaru.
    61 | Abyss:1  | Noticed a hellwing
    67 | Abyss:1  | Noticed a worldbinder
    67 | D:1      | Escaped the Abyss
   221 | D:1      | Reached skill level 1 in Dodging
   242 | D:1      | Acquired Lugonu's first power
   275 | D:1      | Gained mutation: You can steal the life force of nearby defeated enemies. [demonic ancestry]
   275 | D:1      | Reached XP level 2. HP: 18/24 MP: 3/3
  1046 | D:2      | Reached XP level 3. HP: 29/29 MP: 4/4
  1093 | D:2      | Acquired Lugonu's second power
  1457 | D:2      | Gained mutation: You are partially covered in sharp spines. [demonic ancestry]
  1457 | D:2      | Reached XP level 4. HP: 32/35 MP: 6/6
  1832 | D:3      | Found a sacrificial altar of Ru.
  2198 | D:3      | Acquired Lugonu's third power
  2548 | D:4      | Noticed a phantom
  2590 | D:4      | Killed a phantom
  2590 | D:4      | Reached skill level 4 in Fighting
  2590 | D:4      | Reached XP level 5. HP: 30/42 MP: 6/8
  2744 | D:4      | Noticed a phantom
  2765 | D:4      | Killed a phantom
  2765 | D:4      | Gained mutation: You have sharp toenails. [demonic ancestry]
  2765 | D:4      | Reached XP level 6. HP: 30/49 MP: 9/9
  3208 | D:5      | Entered Level 5 of the Dungeon
  3368 | D:5      | Noticed Charly's ghost (average OpAs)
  3411 | D:5      | Reached skill level 5 in Invocations
  3638 | D:5      | Killed Charly's ghost
  3638 | D:5      | Reached XP level 7. HP: 51/55 MP: 9/11
  4068 | D:5      | Reached skill level 5 in Fighting
  4285 | D:5      | Found a staircase to the Ecumenical Temple.
  4546 | D:5      | Acquired Lugonu's fourth power
  4774 | D:6      | Reached skill level 6 in Invocations
  5267 | D:6      | Gained mutation: You have razor-sharp toenails. [demonic ancestry]
  5267 | D:6      | Reached XP level 8. HP: 54/63 MP: 12/12
  5983 | D:6      | Gained mutation: You can breathe flames. [mutagenic meat]
  5984 | D:6      | Gained mutation: You can breathe fire. [mutagenic meat]
  5985 | D:6      | Gained mutation: You are covered in fur (AC +1). [mutagenic meat]
  6151 | D:7      | Reached skill level 1 in Spellcasting
  6449 | D:7      | Found a radiant altar of Vehumet.
  6651 | D:7      | Reached skill level 7 in Invocations
  6771 | D:7      | Found a white marble altar of Elyvilon.
  6781 | D:7      | Reached skill level 5 in Long Blades
  6867 | D:7      | Acquired Lugonu's fifth power
  6917 | D:7      | Found a snail-covered altar of Cheibriados.
  6918 | D:7      | Found a deep blue altar of Sif Muna.
  7092 | D:7      | Found Neofa's Antique Armour Shop.
  7098 | D:7      | Bought a runed cloak for 117 gold pieces
  7098 | D:7      | Bought a glowing robe for 18 gold pieces
  7476 | D:8      | Noticed Gastronok
  7500 | D:8      | Banished Gastronok
  7500 | D:8      | Reached skill level 5 in Dodging
  7500 | D:8      | Reached skill level 8 in Invocations
  7500 | D:8      | Gained mutation: You can steal the life force of defeated enemies. [demonic ancestry]
  7500 | D:8      | Reached XP level 9. HP: 25/72 MP: 13/15
  7654 | D:8      | Found a burning altar of Makhleb.
  7654 | D:8      | Noticed Joseph
  7684 | D:8      | Banished Joseph
  7988 | D:8      | Learned a level 2 spell: Corpse Rot
  8055 | D:8      | Learned a level 2 spell: Swiftness
  8145 | D:8      | Reached skill level 1 in Necromancy
  8145 | D:8      | Reached skill level 9 in Invocations
  8293 | D:8      | Reached skill level 1 in Charms
  8396 | D:8      | Found a shimmering altar of Xom.
  8396 | D:8      | Found a shimmering altar of Xom.
  8398 | D:8      | Found a shimmering altar of Xom.
  8440 | D:8      | Reached XP level 10. HP: 79/79 MP: 16/16
  8788 | D:9      | Found an opulent altar of Gozag.
  8863 | D:9      | Noticed Grum
  8886 | D:9      | Banished Grum
  9266 | D:9      | Found Xoxifig's Jewellery Emporium.
  9313 | D:9      | Found a staircase to the Lair.
  9433 | D:9      | Reached skill level 10 in Invocations
  9747 | Lair:1   | Entered Level 1 of the Lair of Beasts
 10064 | Lair:1   | Noticed Erica
 10081 | Lair:1   | Killed Erica
 10118 | Lair:1   | Noticed a five-headed hydra
 10149 | Lair:1   | Killed a one-headed hydra
 10149 | Lair:1   | Gained mutation: You are partially covered in icy blue scales (AC +1). [demonic ancestry]
 10149 | Lair:1   | Reached XP level 11. HP: 82/87 MP: 17/19
 10250 | Lair:1   | Reached skill level 11 in Invocations
 11412 | Lair:2   | Noticed a seven-headed hydra
 11591 | Lair:1   | Killed a one-headed hydra
 12313 | Lair:2   | Learned a level 4 spell: Animate Dead
 12366 | Lair:3   | Reached skill level 1 in Evocations
 12728 | Lair:3   | Found a hole to the Spider Nest.
 12860 | Lair:3   | Reached skill level 12 in Invocations
 12860 | Lair:3   | Reached XP level 12. HP: 89/96 MP: 19/21
 13050 | Lair:3   | Found a staircase to the Swamp.
 14600 | Lair:5   | Noticed a seven-headed hydra
 14624 | Lair:5   | Banished a six-headed hydra
 14664 | Lair:5   | Noticed a five-headed hydra
 14715 | Lair:5   | Killed a one-headed hydra
 16043 | Lair:6   | Reached skill level 10 in Long Blades
 16135 | Lair:6   | Reached skill level 5 in Armour
 16474 | Lair:6   | Reached skill level 10 in Fighting
 17138 | Lair:7   | Reached skill level 5 in Necromancy
 17553 | Lair:7   | Found a staircase to the Slime Pits.
 17564 | Lair:7   | Gained mutation: You have claws for feet. [demonic ancestry]
 17564 | Lair:7   | Reached XP level 13. HP: 83/103 MP: 22/22
 18053 | Lair:7   | Reached skill level 13 in Invocations
 18363 | Lair:7   | Found a blossoming altar of Fedhas.
 18480 | Lair:8   | Entered Level 8 of the Lair of Beasts
 18747 | Lair:8   | Reached skill level 5 in Evocations
 19961 | Lair:7   | Mangled by a catoblepas

Action                   |  1- 3 |  4- 6 |  7- 9 | 10-12 | 13-15 || total
-------------------------+-------+-------+-------+-------+-------++-------
Melee: Falchion          |   141 |   109 |   287 |   169 |       ||   706
       Dagger            |       |       |     3 |       |       ||     3
       Scimitar          |       |       |       |   550 |   332 ||   882
 Cast: Corpse Rot        |       |       |       |     1 |       ||     1
       Animate Dead      |       |       |       |     6 |    11 ||    17
       Swiftness         |       |       |       |       |     3 ||     3
Invok: Depart the Abyss  |     1 |       |       |       |       ||     1
       Banish            |       |       |     3 |     7 |     1 ||    11
       Bend Space        |       |       |       |     1 |       ||     1
 Abil: Breathe Fire      |       |       |     2 |    16 |    11 ||    29
       Evoke Invisibilit |       |       |       |     1 |       ||     1
Evoke: Wand              |       |       |       |       |     4 ||     4
  Use: Scroll            |       |       |     4 |    10 |       ||    14
 Stab: Sleeping          |       |       |       |     6 |     3 ||     9
       Invisible         |       |       |       |     2 |       ||     2
       Distracted        |       |       |       |     1 |     4 ||     5
  Eat: Chunk             |     2 |     7 |    17 |    28 |    11 ||    65
       Pizza             |       |       |     1 |       |       ||     1
       Beef jerky        |       |       |     1 |       |     1 ||     2
       Meat ration       |       |       |       |     3 |     1 ||     4
